 Dungeon Crawl Stone Soup version 0.31-a0-640-g39d97e502b (webtiles) character file.

Game seed: 12861236829980011363

128 heikuro the Shield-Bearer (level 5, 0/38 (42) HPs)
             Began as a Formicid Fighter on Aug 28, 2023.
             Slain by a hell rat (1 damage)
             ... in a sewer.
             The game lasted 00:07:10 (1919 turns).

heikuro the Shield-Bearer (Formicid Fighter)        Turns: 1919, Time: 00:07:11

HP:   0/38 (42)     AC:  7    Str: 22    XL:     5   Next: 33%
MP:   5/5           EV:  9    Int:  8    God:
Gold: 112           SH:  5    Dex: 13    Spells: 4/4 levels left

rFire   . . .        a - +0 war axe
rCold   . . .        c - +0 buckler
rNeg    . . .        b - +0 scale mail
rPois   .            (helmet unavailable)
rElec   .            (no cloak)
rCorr   .            (no gloves)
SInv    +            (no boots)
Will    .....        (no amulet) Stlth
                     (no ring)
HPRegen 0.26/turn    (no ring)
MPRegen 0.09/turn

%: no passive effects
@: drained
A: permanent stasis, dig shafts and tunnels, antennae 3, four strong arms
a: Dig


You were in a sewer.
You visited 1 branch of the dungeon, and saw 3 of its levels.
You also visited: Sewer.

You collected 112 gold pieces.

Inventory:

Hand Weapons
 a - a +0 war axe (weapon)
Missiles
 f - 2 poisoned darts (quivered)
Armour
 b - a +0 scale mail (worn)
 c - a +0 buckler (worn)
Scrolls
 g - 2 scrolls of identify {unknown}
 k - 2 scrolls of fog {unknown}
 l - a scroll of revelation {unknown}
 o - a scroll of enchant weapon {unknown}
 p - a scroll of teleportation {unknown}
Potions
 d - 2 potions of might
 e - 2 potions of brilliance {unknown}
 h - a potion of curing {unknown}
 i - 2 potions of heal wounds {unknown}
 j - 2 potions of invisibility {unknown}
 m - a potion of ambrosia {unknown}
 n - a potion of cancellation {unknown}


   Skills:
 + Level 4.0 Fighting
 - Level 2.3(2.6) Axes
 - Level 1.8(2.6) Polearms
 * Level 1.2(1.8) Staves
 + Level 4.0 Armour
 + Level 4.8 Shields


You had 4 spell levels left.
You didn't know any spells.
Your spell library was empty.

Dungeon Overview and Level Annotations

Branches:
Dungeon (3/15)              Sewer (1/1)

Altars:

Shops:
D:1 (   D:3 :


Innate Abilities, Weirdness & Mutations

You cannot be hasted, slowed, berserked, paralysed or teleported.
You can dig through walls and to a lower floor.
You have a pair of large antennae on your head. (SInv)
Your four strong arms can wield two-handed weapons with a shield.


Message History

A river rat comes into view.
The river rat moves out of view.
You enter the shallow water.
Moving in this stuff is going to be slow.
The river rat bites you but does no damage.
The river rat closely misses you.
You slash the river rat!
You kill the river rat!
No target in view!
No target in view!
You enter the shallow water.
Moving in this stuff is going to be slow.
You enter the shallow water.
Moving in this stuff is going to be slow.
You enter the shallow water.
Moving in this stuff is going to be slow.
You open the door.
A hell rat comes into view.
Found six items.
Found a gate leading back out of this place.
There is an open door here.
You slash the hell rat!
The hell rat is heavily wounded.
The hell rat bites you.
You hit the hell rat but do no damage.
The hell rat is heavily wounded.
The hell rat bites you!
You feel drained. The hell rat bites you!
* * * LOW HITPOINT WARNING * * *
You are too injured to fight recklessly!
You are too injured to fight recklessly!
You hit the hell rat.
The hell rat is severely wounded.
The hell rat barely misses you.
You hit the hell rat.
The hell rat is almost dead.
The hell rat bites you but does no damage.
The hell rat bites you!
* * * LOW HITPOINT WARNING * * *
You feel drained.
You die...

###.~~∩~~.##
###.†~~~∩~.~~~###
#~~.~~#####~.~.~#
##.~~###!∩[###~~.##
#...##~!!!!?~##~..#
#~.~#...~~~...#.~.#
#~~~##.~~~~~.##.~~#
##~~.###~r.###.~~##
#~~~~.##@##...~.#
###..†....~~..###
###......~###
#########


You could see a hell rat.

Vanquished Creatures
  4 adders
  4 river rats (Sewer)
  9 bats
  2 endoplasms (D:2)
  A giant cockroach (D:1)
  5 hobgoblins
  2 jackals (D:2)
  7 kobolds
  4 ball pythons
  2 frilled lizards
  10 goblins
  7 rats
57 creatures vanquished.

Notes
Turn   | Place    | Note
-------+----------+-------------------------------------------
     0 | D:1      | heikuro the Formicid Fighter began the quest for the Orb.
     0 | D:1      | Reached XP level 1. HP: 18/18 MP: 1/1
   286 | D:1      | Reached XP level 2. HP: 24/24 MP: 2/2
   395 | D:1      | Found Natuwnoa's Weapon Emporium.
   891 | D:1      | Reached XP level 3. HP: 29/29 MP: 3/3
  1056 | D:2      | Reached skill level 1 in Polearms
  1210 | D:2      | Reached XP level 4. HP: 33/37 MP: 4/4
  1683 | D:3      | Found Umywil's Book Shop.
  1743 | D:3      | Found a glowing drain.
  1751 | Sewer    | Entered a sewer
  1757 | Sewer    | Reached XP level 5. HP: 30/41 MP: 5/5
  1886 | Sewer    | Reached skill level 1 in Staves
  1919 | Sewer    | HP: 1/40 [hell rat (12)]
  1919 | Sewer    | Slain by a hell rat

Illustrated notes

Levels and vault maps discovered:
D:1:      lightli_arrival_quake, layout_loops_corners, serial_shops, shop
D:2:      layout_rooms, minmay_pentomino_v2
D:3:      layout_loops_ring, portal_sewer_entry_d, serial_shops,
          nicolae_shop_just_a_little_nook, uniq_robin
Sewer:    sewer_hellmonk_bad_rat

Skill      XL: |  1  2  3  4  5 |
---------------+----------------+-----
Polearms       | 1 |  1.8
Fighting       | 4 |  4.0
Armour         | 4 |  4.0
Staves         | 1 |  1.2
Axes           | |  2.3
Shields        | |  4.8

Action                     |  1- 3 |  4- 6 || total
---------------------------+-------+-------++-------
  Melee: War axe           |    93 |    50 ||   143
Ability: Dig               |       |     1 ||     1
 Armour: Scale mail        |    56 |    21 ||    77
  Dodge: Dodged            |    49 |    20 ||    69
  Block: Buckler           |    42 |    11 ||    53

Table legend: (Time is in decaauts)
 A = Elapsed time spent in this place.
 B = Non-inter-level travel time spent in this place.
 C = Inter-level travel time spent in this place.
 D = Time resting spent in this place.
 E = Time spent auto-exploring this place.
 F = Levels seen in this place.
 G = Mean time per level.
                   A        B        C        D        E       F      G
               +--------+--------+--------+--------+--------+-----+--------+
         Total |   1985 |   1850 |    135 |    159 |    844 |   4 |  496.2 |
       Dungeon |   1802 |   1667 |    135 |     47 |    844 |   3 |  600.7 |
         Sewer |    182 |    182 |      0 |    112 |      0 |   1 |  182.0 |
               +--------+--------+--------+--------+--------+-----+--------+

Top non-repeatable levels by time:
     D:1: 1090 daAuts
     D:2: 503 daAuts
     D:3: 208 daAuts
   Sewer: 182 daAuts
